 Dungeon Crawl Stone Soup version 0.31-a0-700-gf13585253f (webtiles) character file.

Game seed: 16430339059947575892

114 qw the Shooter (level 4, -5/28 HPs)
             Began as a Gargoyle Hunter on Sept 7, 2023.
             Slain by an ogre
             ... wielding a +0 giant spiked club
              (33 damage)
             ... on level 3 of the Dungeon.
             The game lasted 00:00:47 (2178 turns).

qw the Shooter (Gargoyle Hunter)                    Turns: 2178, Time: 00:00:48

Health: -5/28      AC:  7    Str: 14    XL:     4   Next: 97%
Magic:  4/4        EV: 11    Int: 10    God:
Gold:   106        SH:  0    Dex: 15    Spells: 3/3 levels left

rFire   . . .        Y - +1 shortbow
rCold   . . .        (shield currently unavailable)
rNeg    + . .        c - +0 leather armour
rPois   inf          (no helmet)
rElec   +            (no cloak)
rCorr   .            d - +0 pair of gloves
SInv    .            (no boots)
Will    .....        (no amulet)
Stlth   ++           (no ring)
HPRegen 0.24/turn    (no ring)
MPRegen 0.09/turn

%: no passive effects
@: no status effects
A: sickness immunity, AC +3, negative energy resistance 1, electricity
resistance, torment resistance 1, petrification resistance
a: no special abilities


You were on level 3 of the Dungeon.
You visited 1 branch of the dungeon, and saw 3 of its levels.

You collected 106 gold pieces.


Innate Abilities, Weirdness & Mutations

You are immune to sickness and miasma.
Your stone body is resilient. (AC +3)
You are immune to poison.
You resist negative energy. (rN+)
You are resistant to electric shocks. (rElec)
You are resistant to unholy torment.
You are immune to petrification.


   Skills:
 - Level 3.0 Fighting
 + Level 5.8 Ranged Weapons
 - Level 1.5 Dodging
 - Level 1.1 Stealth


You had 3 spell levels left.
You didn't know any spells.
Your spell library was empty.

Inventory:

Hand Weapons
 Y - a +1 shortbow (weapon)
Armour
 a - a +0 ring mail
 c - a +0 leather armour (worn)
 d - a +0 pair of gloves (worn)
Scrolls
 h - a scroll of identify {unknown}
Potions
 e - a potion of magic {unknown}
 f - a potion of curing {unknown}
 g - a potion of invisibility {unknown}
 i - a potion of cancellation {unknown}

Dungeon Overview and Level Annotations

Branches:
Dungeon (3/15)

Altars:


Message History

The arrow hits the goblin.
You kill the goblin!
The goblin hits you but does no damage.
You shoot an arrow. The arrow hits the goblin.
The goblin is heavily wounded.
The goblin hits you with a +0 dagger. The goblin hits you but does no damage.
The goblin barely misses you.
You shoot an arrow. The arrow barely misses the goblin.
The arrow hits the goblin!
You kill the goblin!
The goblin hits you but does no damage. x2; The goblin barely misses you.
You shoot an arrow. The arrow closely misses the goblin. x2
The goblin hits you but does no damage. The goblin closely misses you.
The goblin hits you but does no damage.
You shoot an arrow. The arrow barely misses the goblin.
The arrow hits the goblin!
You kill the goblin!
The goblin barely misses you. The goblin hits you but does no damage.
The goblin barely misses you.
You shoot an arrow. The arrow misses the goblin.
The arrow hits the ogre.
The ogre is lightly wounded.
The goblin hits you but does no damage. x2; The goblin closely misses you.
You shoot an arrow. The arrow barely misses the goblin.
The arrow barely misses the ogre.
The goblin closely misses you. The goblin hits you but does no damage.
You shoot an arrow. The arrow hits the ogre!
The ogre is moderately wounded.
The goblin hits you with a +0 club. The goblin hits you but does no damage.
The goblin barely misses you.
The ogre hits you with a +0 giant spiked club!!
Ouch! That really hurt!
The goblin closely misses you.
2177 ||| DRINKING potion of heal wounds.
You feel much better. The goblin barely misses you. x2
You shoot an arrow. The arrow hits the ogre.
The ogre is heavily wounded.
The ogre hits you with a +0 giant spiked club!!
Ouch! That really hurt!
You die...

###.#.# #........#..
#.#.# #.###...##.#
#.#.# #...........
#.#.# #####...##.#
#######...# #.<....#
..........# ######
#####..###.#
########..# #....#
###........... #..#
#.##g#g(.#..........#
#..#
#.##@Og).######.###.#
#..# #.##g#(..#......#
#.# #..###.##.#
###.####.# #.#
#......##.# #.# #.#
#.# #.####).?.# #.#
#.# #.# #......#..#
#.# #.# #.#
#.####....#####.####.#
#.# #.#
##.#............###..
#.#
#.#######.#######...


You could see an ogre and 4 goblins.

Vanquished Creatures
  An orc priest (D:3)
  An adder (D:3)
  A worm (D:2)
  A dart slug (D:2)
  5 orcs (D:3)
  3 endoplasms
  3 giant cockroaches
  3 hobgoblins
  4 jackals (D:1)
  2 quokkas (D:2)
  7 ball pythons
  7 bats
  6 frilled lizards
  9 goblins
  6 kobolds
  5 rats
64 creatures vanquished.

Notes
Turn   | Place    | Note
-------+----------+-------------------------------------------
     0 | D:1      | qw the Gargoyle Hunter began the quest for the Orb.
     0 | D:1      | Reached XP level 1. HP: 12/12 MP: 1/1
     0 | D:1      | 0 ||| qw: Version: 0.3-a-76-g4403597
     0 | D:1      | 0 ||| qw: Game counter: 650
     0 | D:1      | 0 ||| qw: Melee chars always use a shield: true
     0 | D:1      | 0 ||| qw: God list: Okawaru
     0 | D:1      | 0 ||| qw: Allow faded altars: false
     0 | D:1      | 0 ||| qw: Do Orc after clearing Dungeon:15 true
     0 | D:1      | 0 ||| qw: Do second Lair branch before Depths: true
     0 | D:1      | 0 ||| qw: Lair rune preference: random
     0 | D:1      | 0 ||| qw: Goals: Normal
     0 | D:1      | 0 ||| PLANNING D:1-11
   116 | D:1      | Reached XP level 2. HP: 17/17 MP: 2/2
   668 | D:1      | 668 ||| UPGRADING to +0 pair of gloves.
   673 | D:1      | 673 ||| DROPPING scroll of butterflies.
   713 | D:2      | Reached XP level 3. HP: 21/21 MP: 3/3
   885 | D:2      | Reached skill level 5 in Ranged Weapons
   903 | D:2      | Found a faded altar of an unknown god.
  1050 | D:2      | 1050 ||| DROPPING ring of flight.
  1271 | D:2      | Reached skill level 3 in Fighting
  1526 | D:2      | 1526 ||| READING 2 scrolls labelled LEFFOV RITOAB.
  1527 | D:2      | 1527 ||| READING scroll labelled EMAJIV XYIB.
  1528 | D:2      | 1528 ||| READING scroll labelled GOUXKA ASU.
  1529 | D:2      | 1529 ||| READING scroll labelled ZIGIRE KIALOESSE.
  1534 | D:2      | 1534 ||| DRINKING 2 inky potions.
  1535 | D:2      | 1535 ||| DROPPING scroll of vulnerability.
  1617 | D:3      | Reached XP level 4. HP: 28/28 MP: 4/4
  1630 | D:3      | HP: 6/28 [orc priest/+0 flail (5)]
  1631 | D:3      | 1631 ||| DRINKING 2 potions of heal wounds.
  1669 | D:3      | 1669 ||| FLEEEEING.
  1670 | D:3      | 1670 ||| FLEEEEING.
  1671 | D:3      | 1671 ||| FLEEEEING.
  1672 | D:3      | 1672 ||| FLEEEEING.
  1673 | D:3      | 1673 ||| FLEEEEING.
  1674 | D:3      | 1674 ||| FLEEEEING.
  1675 | D:3      | 1675 ||| FLEEEEING.
  1676 | D:3      | 1676 ||| FLEEEEING.
  1677 | D:3      | 1677 ||| FLEEEEING.
  1681 | D:3      | 1681 ||| FLEEEEING.
  2166 | D:3      | Noticed an ogre
  2176 | D:3      | HP: 2/28 [ogre/+0 giant spiked club (20)]
  2177 | D:3      | 2177 ||| DRINKING potion of heal wounds.
  2178 | D:3      | Slain by an ogre

Levels and vault maps discovered:
D:1:      mainiacjoe_arrival_reflecting_pool, layout_loops_ring
D:2:      minmay_chambers_of_ones, layout_loops_ring,
          shapermc_ecumenical_altar_mp_vishouse, kennysheep_big_empty_room,
          kennysheep_flooded_box, glass_columns_c
D:3:      layout_loops_ring, chequers_temple_overflow_minitemple,
          minmay_ogre_servants

Skill      XL: |  1  2  3 |
---------------+----------+-----
Ranged Weapons | 5 |  5.8
Fighting       | 3 |  3.0
Dodging        | |  1.5
Stealth        | |  1.1

Action                     |  1- 3 |  4- 6 || total
---------------------------+-------+-------++-------
   Fire: Shortbow          |   119 |    57 ||   176
    Use: Scroll            |     4 |       ||     4
         Potion            |     1 |     2 ||     3
 Armour: Leather armour    |    24 |    32 ||    56
  Dodge: Dodged            |    30 |    22 ||    52

Table legend:
 A = Non-vault XP
 B = Vault XP
 C = Vault XP percentage of total XP
 D = Non-vault monster count
 E = Vault monster count
 F = Vault count percentage of total count
                 A         B        C        D         E       F
            +---------+---------+-------+---------+---------+-------
      Total |     148 |      15 |   9.2 |      55 |       9 |  14.1
            +---------+---------+-------+---------+---------+-------
        D:1 |      28 |       0 |   0.0 |      19 |       0 |   0.0
        D:2 |      35 |       7 |  16.7 |      18 |       5 |  21.7
        D:3 |      85 |       8 |   8.6 |      18 |       4 |  18.2
            +---------+---------+-------+---------+---------+-------
